AoeStats
← 玩印度的哥们硬不起来

Black Forest

509550340Analyzed
2v2 RM · 5d ago on Sep 27, 2026· 38m 39s· 4 players
Game mode
Random Map
Map size
Medium (4 player)
Population
200
Speed
Normal
Resources
Standard
Victory
Conquest
Starting age
Dark Age
Ending age
Imperial Age
RankedLock teamsTeams togetherTeam positionsShared explorationLock speedFull tech treeHidden civsTurbo modeCheats
Victory
Defeat
1433
+15
🇹🇼 Vikings · Taiwan
1401
+16
🇷🇺 Goths · Russia
1459
-17
🇨🇳 Dravidians · China
1368
-14
小八蕊
1:18 Loom
19:54 Feudal Age
20:35 Double-Bit Axe
20:54 Man-at-Arms
23:32 Gold Mining
27:34 Forging
28:22 Scale Mail Armor
31:18 Fletching
31:16 Horse Collar
31:47 Arson
37:23 Castle Age
37:11 Stone Mining
38:16 Bow Saw
38:08 Heavy Plow
38:04 Long Swordsman
玩印度的哥们硬不起来
1:44 Loom
9:59 Feudal Age
10:00 Man-at-Arms
24:25 Castle Age
22:37 Double-Bit Axe
22:35 Horse Collar
25:48 Bow Saw
25:39 Heavy Plow
33:09 Wheelbarrow
32:37 Gold Mining
33:55 Scale Mail Armor
34:06 Forging
33:18 Long Swordsman
34:36 Squires
34:21 Arson
36:10 Iron Casting
36:26 Chain Mail Armor
37:02 Elite Skirmisher
37:43 Gambesons
38:27 Fletching
38:38 Padded Archer Armor
1979Old-Wang
0:27 Loom
13:15 Feudal Age
16:01 Fletching
20:07 Double-Bit Axe
26:37 Gold Mining
30:38 Castle Age
29:41 Padded Archer Armor
29:32 Horse Collar
31:45 Bow Saw
31:43 Husbandry
34:21 Bodkin Arrow
34:58 Padded Archer Armor
36:40 Ballistics
YuriiVegas
0:53 Loom
18:04 Feudal Age
19:14 Man-at-Arms
27:39 Horse Collar
28:53 Scale Mail Armor
32:32 Wheelbarrow
32:31 Forging
32:55 Fletching
40:08 Castle Age
Connection lost

Rejoining the realm…

Still unreachable

The connection could not be restored.

Session expired

The server has moved on; the page needs a fresh start.